 Dungeon Crawl Stone Soup version 0.29.1-14-g9c671dbff4 (webtiles) character file.

Game seed: 2267358335901154433

7 Maria the Charlatan (level 2, 0/23 HPs)
             Began as a Meteoran Artificer on Feb 14, 2023.
             Slain by a hobgoblin (3 damage)
             ... on level 1 of the Dungeon.
             The game lasted 00:00:57 (136 turns).

Maria the Charlatan (Meteoran Artificer)             Turns: 136, Time: 00:00:58

Health: 0/23       AC:  3    Str: 13    XL:     2   Next: 17%
Magic:  3/3        EV: 11    Int: 12    God:
Gold:   13         SH:  0    Dex: 14    Spells: 1/1 levels left

rFire   . . .      SeeInvis .   a - +0 club
rCold   . . .      Faith    .   (no shield)
rNeg    . . .      Spirit   .   b - +0 leather armour
rPois   .          Reflect  .   (no helmet)
rElec   .          Harm     .   (no cloak)
rCorr   .          Rampage  .   (no gloves)
Will    .....                   (no boots)
Stlth   +.........              (no amulet)
HPRegen 0.07/turn               (no ring)
MPRegen 0.08/turn               (no ring)

@: glowing
A: sense surroundings 1, otherworldly, glowing, explore regen
a: no special abilities


You were on level 1 of the Dungeon.
You visited 1 branch of the dungeon, and saw 1 of its levels.

You collected 13 gold pieces.

Inventory:

Hand Weapons
 a - a +0 club (weapon)
Missiles
 g - 5 poisoned darts (quivered)
Armour
 b - a +0 leather armour (worn)
Wands
 c - a wand of flame (12)
 d - a wand of charming (15)
 e - a wand of iceblast (5)
Scrolls
 f - a scroll of vulnerability {unknown}


   Skills:
 * Level 1.1 Fighting
 * Level 0.2 Maces & Flails
 * Level 2.4 Armour
 * Level 1.4 Dodging
 * Level 0.9 Stealth
 * Level 0.3 Spellcasting
 * Level 3.8 Evocations


You had one spell level left.
You didn't know any spells.
Your spell library was empty.

Dungeon Overview and Level Annotations

Branches:
Dungeon (1/15) Zot: 454

Altars:


Innate Abilities, Weirdness & Mutations

You passively map a small area around you.
You are easily found by Zot.
You glow in the dark.
You regain HP and MP as you explore.


Message History

The ball python bites you but does no damage.
The ball python constricts you.
You hit the ball python.
The ball python is severely wounded.
The ball python bites you. The ball python constricts you.
You hit the ball python.
You kill the ball python!
You see here a ball python corpse.
g - 4 poisoned darts (gained 1)
Found a faded altar of an unknown god.
g - 5 poisoned darts (gained 1)
A ball python and a hobgoblin come into view.
The ball python hisses angrily.
The hobgoblin shouts!
Found a silvery potion.
The ball python bites you. The ball python grabs you.
The ball python constricts you.
The ball python's grasp on you weakens, but your attempt to escape fails.
The ball python bites you but does no damage.
The ball python constricts you.
You escape the ball python's grasp.
The ball python attacks as you move away!
The ball python bites you but does no damage.
The hobgoblin attacks as you move away! The hobgoblin hits you.
The ball python bites you. The ball python grabs you.
The ball python constricts you.
* * * LOW HITPOINT WARNING * * *
Aiming: Throw Flame
Press: ? - help, Shift-Dir - straight line, f - ball python
Aim: a ball python (constricting you, 68% to hit)
The puff of flame hits the ball python!
You kill the ball python!
The hobgoblin hits you.
* * * LOW HITPOINT WARNING * * *
Aiming: Throw Flame
Press: ? - help, Shift-Dir - straight line, f - hobgoblin
Aim: a hobgoblin (71% to hit)
The puff of flame hits the hobgoblin.
The hobgoblin is severely wounded.
The hobgoblin hits you.
You die...

#. *, .. ##., .##*
##..#* *#..## *
....###.... , ,
,#...#...# , *
#.....# ##._.## * *
*, ,
##g†...######## *
#.@.#...#..........
#!...###....# #..#
##..##
##..#######..# ##.
* #..####..[#..# ##
#...#........#
#.............
#.............
#.............
##.†..........


You could see a hobgoblin.

Vanquished Creatures
  3 ball pythons (D:1)
  A goblin (D:1)
  A hobgoblin (D:1)
  A bat (D:1)
  A rat (D:1)
7 creatures vanquished.

Notes
Turn   | Place    | Note
-------+----------+-------------------------------------------
     0 | D:1      | Maria the Meteoran Artificer began the quest for the Orb.
     0 | D:1      | Reached XP level 1. HP: 16/16 MP: 2/2
   103 | D:1      | Reached XP level 2. HP: 16/23 MP: 3/3
   113 | D:1      | Found a faded altar of an unknown god.
   136 | D:1      | Slain by a hobgoblin

Illustrated notes

Levels and vault maps discovered:
D:1:      tarquinn_simple_flora_water_b, layout_rooms,
          nicolae_ecumenical_snake_handling, serial_park_tiny_1,
          glass_columns_b, kennysheep_nondescript

Action                   || total
-------------------------++-------
Melee: Club              ||    22
Throw: Dart              ||     2
Evoke: Wand              ||     3
Armor: Leather armour    ||    15
Dodge: Dodged            ||    17
